 Dungeon Crawl Stone Soup version 0.31-a0-142-g31f6795574 (webtiles) character file.

Game seed: 7354867177612616579

1887 pokeman the Thaumaturge (level 8, -7/41 (44) HPs)
             Began as a Deep Elf Hedge Wizard on June 3, 2023.
             Was an Initiate of Vehumet.
             Mangled by a wyvern (8 damage)
             ... on level 7 of the Dungeon.
             The game lasted 00:14:04 (8817 turns).

pokeman the Thaumaturge (Deep Elf Hedge Wizard)     Turns: 8817, Time: 00:14:04

HP:   -7/41 (44)    AC:  5    Str: 13    XL:     8   Next: 92%
MP:   8/24          EV: 13    Int: 22    God:    Vehumet [......]
Gold: 108           SH:  0    Dex: 14    Spells: 20/28 levels left

rFire   + . .        H - +1 short sword (elec)
rCold   + . .        (no shield)
rNeg    + . .        y - +2 robe {rC+ rF+}
rPois   .            c - +0 hat
rElec   .            o - +0 cloak
rCorr   .            (no gloves)
SInv    .            (no boots)
Will    .....        (no amulet)
Stlth   +            E - +6 ring of strength
HPRegen 0.26/turn    b - ring of positive energy
MPRegen 0.19/turn

%: no passive effects
@: confused, drained
A: no striking features
a: Renounce Religion


You were on level 7 of the Dungeon.
You worshipped Vehumet.
Vehumet was noncommittal.
You visited 2 branches of the dungeon, and saw 8 of its levels.
You also visited: Ossuary.

You collected 297 gold pieces.
You spent 189 gold pieces at shops.

Inventory:

Hand Weapons
 n - a +2 quarterstaff of chaos
 H - a +1 short sword of electrocution (weapon)
Armour
 c - a +0 hat (worn)
 j - a +2 robe of positive energy
 o - a +0 cloak (worn)
 y - a +2 robe of resistance (worn)
Magical Staves
 D - a staff of conjuration
Jewellery
 b - a ring of positive energy (right hand)
 E - a +6 ring of strength (left hand)
Wands
 x - a wand of acid (12)
 A - a wand of iceblast (21)
Scrolls
 a - 3 scrolls of fear {unknown}
 f - 5 scrolls of identify
 g - 4 scrolls of teleportation
 p - 2 scrolls of fog {unknown}
 q - 4 scrolls of enchant weapon {unknown}
 u - a scroll of vulnerability {unknown}
 v - 2 scrolls of summoning {unknown}
 B - a scroll of amnesia {unknown}
 C - a scroll of blinking
 F - a scroll of enchant armour {unknown}
Potions
 d - 3 potions of magic
 e - a potion of degeneration {unknown}
 h - a potion of enlightenment {unknown}
 i - 2 potions of might {unknown}
 k - 3 potions of mutation {unknown}
 l - 2 potions of curing {unknown}
 m - a potion of ambrosia {unknown}
 r - a potion of haste {unknown}
 s - a potion of invisibility {unknown}
 t - a potion of lignification {unknown}
 w - a potion of brilliance {unknown}
 z - 2 potions of berserk rage {unknown}
 G - a potion of heal wounds {unknown}


   Skills:
 - Level 2.0 Fighting
 + Level 2.5 Armour
 - Level 4.0 Dodging
 - Level 4.0 Stealth
 * Level 10.5 Spellcasting
 + Level 5.6 Conjurations
 + Level 4.1 Summonings
 - Level 1.1 Translocations
 - Level 1.1 Air Magic
 - Level 1.0 Poison Magic
 - Level 1.2 Evocations


You had 20 spell levels left.
You knew the following spells:

 Your Spells              Type           Power      Damage    Failure   Level
a - Magic Dart            Conj           100%       1d8       1%          1
b - Mephitic Cloud        Conj/Pois/Air  23%        N/A       6%          3
c - Call Imp              Summ           58%        N/A       1%          2
d - Blink                 Tloc           32%        N/A       5%          2

Your spell library contained the following spells:

 Spells                   Type           Power      Damage    Failure   Level
 Slow                     Hex            44%        N/A       6%          1
 Cigotuvi's Dreadful Rot  Necr/Pois/Air  28%        N/A       6%          2
 Summon Forest            Summ/Tloc      11%        N/A       47%         5
 Summon Mana Viper        Hex/Summ       20%        N/A       56%         5
 Alistair's Intoxication  Tmut/Pois      8%         N/A       77%         5
 Borgnjor's Vile Clutch   Necr/Erth      5%         N/A       85%         5
 Summon Cactus Giant      Summ           14%        N/A       85%         6
 Eringya's Noxious Bog    Tmut/Pois      6%         N/A       100%        6


Dungeon Overview and Level Annotations

Branches:
Dungeon (7/15)             Temple (1/1) D:4         Ossuary (visited)

Altars:
Cheibriados
Dithmenos
Fedhas
Gozag
Kikubaaqudgha
Makhleb
Nemelex Xobeh
Okawaru
Ru
Trog
Uskayaw
Vehumet
Wu Jian
Xom
The Shining One

Shops:
D:3 ?   D:6 (

Portals:
Bailey: D:7


Message History

The gnoll is engulfed in noxious fumes.
The gnoll appears confused.
The gnoll hits you with a +0 club.
You see here a +0 hand axe.
You bump into the rock wall.
You are engulfed in noxious fumes.
You choke on the stench!
You are more confused.
A wyvern comes into view.
The gnoll is engulfed in noxious fumes.
The gnoll appears confused.
Unknown command.
You are engulfed in noxious fumes.
You choke on the stench!
You are more confused.
The centaur wields a +1 shortbow of draining.
You sense an unholy aura.
The centaur shoots an arrow.
The arrow misses you.
The arrow hits the gnoll!
The gnoll is engulfed in noxious fumes.
The gnoll appears confused.
The gnoll misses you.
Things that are here:
a +2 spear of flaming; a +0 scale mail; a gnoll corpse You bump into the rock wall.
The centaur shoots an arrow.
The arrow barely misses you.
The arrow hits the gnoll.
The gnoll dies!
The centaur shoots an arrow.
The arrow misses you.
You're too confused to cast spells.
The centaur shoots an arrow.
The arrow barely misses you.
You see here a +0 hand axe.
The centaur shoots an arrow.
The arrow hits you. You partially resist.
You feel drained.
The centaur shoots an arrow.
The arrow hits you! You partially resist.
You feel drained. The wyvern bites you!
The centaur shoots an arrow.
The arrow barely misses you. The wyvern closely misses you.
You see here a +0 hand axe.
The wyvern attacks as you move away! The wyvern bites you!
* * * LOW HITPOINT WARNING * * *
You hear the creaking of a portcullis.
The centaur shoots an arrow.
The arrow closely misses you. The wyvern barely misses you.
The centaur unwields a +1 shortbow of draining.
The centaur hits you.
* * * LOW HITPOINT WARNING * * *
The centaur closely misses you. The wyvern bites you!
You die...

####. #.... .# ..≈~ ...
#.~##### #.# #.~#...#
#########.#### #.)..∩
#............####c~#
...###.#..##....@)≈#####
#.####.#$.##.###l)~~~~≈~~
#.........##.# #.........
#.####.......# #.....####
#.# #.#.##..# ####### #.#
#.......# ... #.#..#.##
... #.##.#.# ... #.##.#.#


You could see a wyvern and a centaur.

Vanquished Creatures
  Sigmund (D:2)
  A wyvern (D:6)
  A steam dragon (D:6)
  Duvessa (D:5)
  An ice beast (D:7)
  2 ogres
  A phantom (D:5)
  Blork the orc (D:4)
  A gnoll sergeant (D:7)
  A scorpion (D:4)
  Dowan (D:5)
  A howler monkey (D:4)
  2 hounds
  An orc priest (D:6)
  2 jellies (D:6)
  Crazy Yiuf (D:3)
  Jessica (D:2)
  3 iguanas
  Ijyb (D:4)
  4 orc wizards (D:6)
  2 sleepcaps
  A mummy (Ossuary)
  7 gnolls
  7 adders
  2 shadow imps
  A white imp (D:6)
  An ufetubus (D:5)
  2 worms
  7 dart slugs
  10 orcs
  2 spectral bats (Ossuary)
  3 endoplasms
  3 giant cockroaches
  11 gnoll zombies (Ossuary)
  13 goblins
  2 hobgoblins
  7 kobolds
  3 quokkas
  4 ball pythons
  3 bats
  A bat simulacrum (Ossuary)
  4 frilled lizards
  A goblin simulacrum (Ossuary)
  5 goblin zombies (Ossuary)
  5 hobgoblin zombies (Ossuary)
  2 kobold simulacra (Ossuary)
  5 kobold zombies (Ossuary)
  3 orc zombies (Ossuary)
  2 rats
  4 rat simulacra (Ossuary)
  6 spectral goblins (Ossuary)
  4 spectral kobolds (Ossuary)
  A spectral rat (Ossuary)
162 creatures vanquished.

Vanquished Creatures (collateral kills)
  A gnoll zombie (Ossuary)
1 creature vanquished.

Vanquished Creatures (others)
  A gnoll (D:7)
  An orc (D:6)
2 creatures vanquished.

Grand Total: 165 creatures vanquished

Notes
Turn   | Place    | Note
-------+----------+-------------------------------------------
     0 | D:1      | pokeman the Deep Elf Hedge Wizard began the quest for the
                  | Orb.
     0 | D:1      | Reached XP level 1. HP: 10/10 MP: 7/7
   537 | D:1      | Reached XP level 2. HP: 16/16 MP: 7/9
  1215 | D:2      | Found an ancient bone altar of Kikubaaqudgha.
  1313 | D:2      | Reached skill level 5 in Spellcasting
  1313 | D:2      | Reached XP level 3. HP: 20/20 MP: 4/11
  1317 | D:2      | Learned a level 3 spell: Mephitic Cloud
  1320 | D:2      | Learned a level 2 spell: Call Imp
  1323 | D:2      | Learned a level 2 spell: Blink
  1426 | D:2      | Noticed Sigmund
  1697 | D:2      | Noticed Jessica
  1706 | D:2      | Killed Jessica
  1707 | D:2      | Reached skill level 1 in Fighting
  1707 | D:2      | Reached skill level 1 in Armour
  1862 | D:2      | Reached XP level 4. HP: 25/25 MP: 3/13
  1865 | D:2      | Killed Sigmund
  1866 | D:2      | Reached skill level 6 in Spellcasting
  1866 | D:2      | Reached XP level 5. HP: 27/29 MP: 4/16
  2000 | D:2      | Reached XP level 6. HP: 28/34 MP: 5/17
  2880 | D:3      | Found an iron altar of Okawaru.
  3044 | D:3      | Found a faded altar of an unknown god.
  3249 | D:3      | Found Wokudeh's Magic Scroll Shoppe.
  3428 | D:3      | Found a runed translucent door.
  3429 | D:3      | Noticed Crazy Yiuf
  3442 | D:3      | Killed Crazy Yiuf
  3443 | D:3      | Reached skill level 7 in Spellcasting
  3568 | D:4      | Found a staircase to the Ecumenical Temple.
  3578 | Temple   | Entered the Ecumenical Temple
  3653 | D:4      | Found a sand-covered staircase.
  3659 | Ossuary  | Entered an ossuary
  4887 | D:4      | Noticed Ijyb
  4899 | D:4      | Killed Ijyb
  5183 | D:4      | Noticed Blork the orc
  5213 | D:4      | Killed Blork the orc
  5214 | D:4      | Reached XP level 7. HP: 25/38 MP: 15/20
  5290 | D:4      | Reached skill level 1 in Poison Magic
  5351 | D:4      | Reached skill level 1 in Air Magic
  5351 | D:4      | Reached skill level 1 in Evocations
  5677 | D:4      | Found an ornate altar of the Wu Jian Council.
  6042 | D:3      | Bought a scroll of identify for 28 gold pieces
  6042 | D:3      | Bought a scroll of teleportation for 42 gold pieces
  6042 | D:3      | Bought a scroll of blinking for 105 gold pieces
  6042 | D:3      | Bought a scroll of noise for 14 gold pieces
  6101 | D:5      | Entered Level 5 of the Dungeon
  6200 | D:5      | Reached skill level 8 in Spellcasting
  6213 | D:5      | Noticed Duvessa
  6216 | D:5      | Noticed Dowan
  6244 | D:5      | Killed Duvessa
  6385 | D:5      | Killed Dowan
  6897 | D:5      | Reached XP level 8. HP: 42/44 MP: 17/22
  6948 | D:5      | Found a radiant altar of Vehumet.
  6970 | D:5      | Reached skill level 9 in Spellcasting
  6983 | D:5      | Became a worshipper of Vehumet
  7653 | D:6      | Reached skill level 5 in Conjurations
  7975 | D:6      | Reached skill level 10 in Spellcasting
  8265 | D:6      | Found Jeveap's Antique Weapon Emporium.
  8787 | D:7      | Found a flagged portal.
  8816 | D:7      | HP: 2/41 [wyvern (11)]
  8817 | D:7      | Mangled by a wyvern

Illustrated notes

Levels and vault maps discovered:
D:1:      dpeg_arrival_rhombi, layout_basic
D:2:      layout_rooms, basic_altar, uniq_jessica, uniq_sigmund
D:3:      layout_basic, okawaru_metal_pillars_1_2, basic_ecumenical_altar,
          serial_shops, shop, uniq_crazy_yiuf_cottage
D:4:      wander_river, layout_cave_pools, old_standard_altar,
          minmay_temple_entry_statues_pillars, enter_ossuary_3,
          uniq_blork_the_orc, uniq_ijyb
D:5:      layout_loops_corners, mainiacjoe_overflow_brackets, uniq_duvessa
D:6:      layout_loops_ring, serial_shops, nicolae_shop_gibbet_a_chance
D:7:      layout_loops_cross, kennysheep_ying_yang, enter_bailey_3,
          hangedman_glass_teeth
Temple:   nicolae_temple_x_marks_the_god

Skill      XL: |  1  2  3  4  5  6  7  8 |
---------------+-------------------------+-----
Spellcasting   | 5 6 7 8 10 | 10.5
Fighting       | 1 2 |  2.0
Armour         | 1 2 |  2.5
Conjurations   | 2 3 4 5 |  5.6
Dodging        | 3 4 |  4.0
Stealth        | 3 4 |  4.0
Poison Magic   | 1 |  1.0
Air Magic      | 1 |  1.1
Evocations     | 1 |  1.2
Summonings     | 2 4 |  4.1
Translocations | |  1.1

Action                     |  1- 3 |  4- 6 |  7- 9 || total
---------------------------+-------+-------+-------++-------
  Melee: Spear             |     3 |    90 |    20 ||   113
         Punch             |       |     2 |     1 ||     3
         Rapier            |       |       |    36 ||    36
         Short sword       |       |       |    30 ||    30
   Cast: Magic Dart        |    71 |   205 |   145 ||   421
         Mephitic Cloud    |     1 |     5 |    17 ||    23
         Call Imp          |       |     1 |     6 ||     7
         Blink             |       |     1 |     1 ||     2
   Stab: Confused          |     1 |    10 |     9 ||    20
         Distracted        |       |     1 |       ||     1
 Armour: Robe              |     4 |    33 |    17 ||    54
  Dodge: Dodged            |    11 |    89 |    67 ||   167

Table legend: (Time is in decaauts)
 A = Elapsed time spent in this place.
 B = Non-inter-level travel time spent in this place.
 C = Inter-level travel time spent in this place.
 D = Time resting spent in this place.
 E = Time spent auto-exploring this place.
 F = Levels seen in this place.
 G = Mean time per level.
                   A        B        C        D        E       F      G
               +--------+--------+--------+--------+--------+-----+--------+
         Total |   8847 |   8394 |    453 |    303 |   6901 |   9 |  983.0 |
       Dungeon |   7618 |   7171 |    447 |    303 |   5987 |   7 | 1088.3 |
        Temple |     77 |     71 |      6 |      0 |     33 |   1 |   77.0 |
       Ossuary |   1151 |   1151 |      0 |      0 |    881 |   1 | 1151.0 |
               +--------+--------+--------+--------+--------+-----+--------+

Top non-repeatable levels by time:
     D:3: 1629 daAuts
     D:5: 1288 daAuts
     D:1: 1193 daAuts
     D:4: 1162 daAuts
 Ossuary: 1151 daAuts
     D:6: 1099 daAuts
     D:2: 992 daAuts
     D:7: 254 daAuts
  Temple: 77 daAuts
